 Dungeon Crawl Stone Soup version 0.30.0-29-ga12c61a403 (webtiles) character file.

Game seed: 15062302407186371725

118 7w4c the Covered (level 4, -2/32 HPs)
             Began as a Demonspawn Wanderer on June 22, 2023.
             Killed from afar by an orc wizard (16 damage)
             ... with a puff of flame
             ... on level 3 of the Dungeon.
             The game lasted 00:11:45 (2380 turns).

7w4c the Covered (Demonspawn Wanderer)              Turns: 2380, Time: 00:11:52

Health: -2/32      AC: 14    Str:  8    XL:     4   Next: 72%
Magic:  5/5        EV:  8    Int: 21    God:
Gold:   73         SH:  0    Dex: 11    Spells: 4/5 levels left

rFire   x . .        q - +2 dagger (drain)
rCold   + . .        (no shield)
rNeg    . . .        d - +2 scale mail
rPois   .            (no helmet)
rElec   .            (no cloak)
rCorr   .            g - +2 pair of gloves
SInv    .            (no boots)
Will    .....        (no amulet) Stlth
                     f - ring of Lesser Demons {Ice *Corrode Slay+4}
HPRegen 0.25/turn    (no ring)
MPRegen 0.09/turn

%: corrode self (3%)
@: confused
A: slimy green scales 1, condensation shield, demonic touch 1
a: no special abilities


You were on level 3 of the Dungeon.
You visited 1 branch of the dungeon, and saw 3 of its levels.

You collected 121 gold pieces.
You spent 48 gold pieces at shops.

Inventory:

Hand Weapons
 q - a +2 dagger of draining (weapon)
Missiles
 a - 15 stones
Armour
 d - a +2 scale mail (worn)
 g - a +2 pair of gloves (worn)
Jewellery
 f - the ring of Lesser Demons (left hand) {Ice *Corrode Slay+4}
   (You acquired it on level 1 of the Dungeon)

   [ring of ice]

   It enhances your ice magic.
   Slay:      It affects your accuracy & damage with ranged weapons and melee
   (+4).
   rF:        It makes you vulnerable to fire.
   rC:        It protects you from cold.
   *Corrode:  It may corrode you when you take damage.
Scrolls
 c - 2 scrolls of teleportation
 j - 2 scrolls of noise {unknown}
 k - 2 scrolls of enchant armour
 l - a scroll of fear {unknown}
 m - a scroll of blinking {unknown}
 n - a scroll of magic mapping {unknown}
 p - a scroll of poison {unknown}
Potions
 b - a potion of attraction
 e - 2 potions of curing {unknown}
 h - a potion of heal wounds {unknown}
 i - a potion of brilliance {unknown}
 o - a potion of mutation {unknown}
 r - a potion of ambrosia {unknown}


   Skills:
 + Level 1.5 Fighting
 + Level 0.7 Short Blades
 + Level 4.6 Armour
 + Level 0.6 Dodging
 + Level 0.2 Stealth
 + Level 1.0 Spellcasting
 + Level 3.4 Transmutations
 + Level 0.3 Poison Magic
 + Level 1.2 Invocations


You had 4 spell levels left.
You knew the following spells:

 Your Spells              Type           Power      Damage    Failure   Level
a - Sting                 Tmut/Pois      36%        1d4       52%         1

Your spell library contained the following spells:

 Spells                   Type           Power      Damage    Failure   Level
 Wereblood                Tmut           15%        N/A       43%         2
 Sublimation of Blood     Necr           1%         N/A       89%         2
 Ignite Poison            Fire/Tmut/Pois 6%         N/A       93%         3
 Summon Hydra             Summ           0%         N/A       100%        7


Dungeon Overview and Level Annotations

Branches:
Dungeon (3/15)

Altars:

Shops:
D:1 *


Innate Abilities, Weirdness & Mutations

You are partially covered in slimy green scales. (AC +2)
A meltable shield of frost defends you. (SH +0)
Your touch may inflict minor irresistible damage on your foes.


Message History

You kill the ball python!
You closely miss the orc priest.
The orc priest invokes the aid of Beogh against you.
Beogh smites you!
You hear a shout!
You hit the orc priest. Your touch misses the orc priest.
The orc priest is moderately wounded.
You hit the orc.
The orc is heavily wounded.
You closely miss the orc.
The orc is heavily wounded.
You block the orc's attack.
You hit the orc but do no damage.
The orc is heavily wounded.
An orc comes into view. It is wielding a +0 mace.
The orc hits you but does no damage.
You hit the orc but do no damage.
The orc is heavily wounded.
The orc hits you with a +0 flail.
You hit the orc.
The orc is severely wounded.
The orc hits you but does no damage.
You hit the orc.
The orc is almost dead.
You hit the orc.
You kill the orc!
You miss something.
You hear some strange, mumbled words.
You are confused.
You bump into the rock wall.
Something hits you but does no damage.
The orc priest calls down the wrath of Beogh upon you.
Beogh smites you!
You hit something but do no damage. Something hits you but does no damage.
You hear some strange, mumbled words.
A puff of flame appears from out of thin air!
The puff of flame hits you!
Your condensation shield dissipates!
The fire burns you terribly!
Ouch! That really hurt!
You die...

## .^#### #####.... #
###......# .. ##........#
... >#.#......# ...
.#[#......# .. .
..........##########.#....
................@.{oo.....
.#######.###########.###.#
.........# # .#########
.#.......# ...#####.#
..<....#.# .#..##.#.# ####
.#.......#####.....


You could see an orc priest and an orc.

Vanquished Creatures
  Jessica (D:2)
  4 adders (D:2)
  3 worms
  An orc (D:3)
  4 ball pythons
  3 bats
  6 endoplasms
  A giant cockroach (D:2)
  4 goblins
  5 hobgoblins
  A quokka (D:2)
  6 frilled lizards
  3 kobolds
  4 rats
46 creatures vanquished.

Notes
Turn   | Place    | Note
-------+----------+-------------------------------------------
     0 | D:1      | 7w4c the Demonspawn Wanderer began the quest for the Orb.
     0 | D:1      | 7w4c set off with the following items: a +0 dagger, a
                  | potion of attraction, a scroll of teleportation, a +2 scale
                  | mail; and the following spell memorised: Sting; and the
                  | following spells available to memorise: Ignite Poison.
     0 | D:1      | Reached XP level 1. HP: 15/15 MP: 2/2
   216 | D:1      | Found Hacoth's Assorted Antiques.
   263 | D:1      | Bought a scroll of identify for 48 gold pieces
   294 | D:1      | Identified a scroll of acquirement
   298 | D:1      | Acquired the ring of Lesser Demons {Ice *Corrode Slay+4}
   353 | D:1      | Gained mutation: You are partially covered in slimy green
                  | scales. (AC +2) [demonic ancestry]
   353 | D:1      | Reached XP level 2. HP: 21/21 MP: 3/3
   436 | D:1      | Reached skill level 4 in Armour
  1009 | D:2      | Noticed Jessica
  1015 | D:2      | Killed Jessica
  1016 | D:2      | Gained mutation: A meltable shield of frost defends you.
                  | (SH +0) [demonic ancestry]
  1016 | D:2      | Reached XP level 3. HP: 26/26 MP: 4/4
  1288 | D:2      | Gained mutation: Your touch may inflict minor irresistible
                  | damage on your foes. [demonic ancestry]
  1288 | D:2      | Reached XP level 4. HP: 32/32 MP: 5/5
  1330 | D:2      | Found a faded altar of an unknown god.
  2380 | D:3      | Killed from afar by an orc wizard

Illustrated notes

Levels and vault maps discovered:
D:1:      lemuel_arrival_river_bridge, layout_basic, serial_shops, shop,
          chequers_serial_rivers_small_3, hangedman_decor_slide_cut
D:2:      layout_loops_corners, ebering_ecumenical_altar_abandoned, uniq_jessica
D:3:      layout_basic, dk_noncrumbling_3

Skill      XL: |  1  2 |
---------------+-------+-----
Armour         | 4 |  4.6
Transmutations | 3 |  3.4
Fighting       | |  1.5
Short Blades   | |  0.7
Dodging        | |  0.6
Stealth        | |  0.2
Spellcasting   | |  1.0
Poison Magic   | |  0.3
Invocations    | |  1.2

Action                     |  1- 3 |  4- 6 || total
---------------------------+-------+-------++-------
  Melee: Dagger            |   105 |    55 ||   160
         Touch             |       |     9 ||     9
   Cast: Sting             |     1 |     5 ||     6
    Use: Scroll            |     3 |     3 ||     6
 Armour: Scale mail        |    46 |    28 ||    74
  Dodge: Dodged            |    26 |    14 ||    40
  Block: Other             |     5 |     7 ||    12
